 Dungeon Crawl Stone Soup version 0.19.5 (webtiles) character file.

315 Lizzreth the Chopper (level 6, 0/39 HPs)
             Began as a Demonspawn Fighter on Mar 20, 2017.
             Succumbed to Edmund's poison
             ... on level 3 of the Dungeon.
             The game lasted 00:12:11 (2943 turns).

Lizzreth the Chopper (Demonspawn Fighter)           Turns: 2943, Time: 00:12:12

Health: 0/39       AC: 10    Str: 17 (19) XL:     6   Next: 20%
Magic:  6/6        EV:  6    Int: 11 (13) God:
Gold:   257        SH:  8    Dex:  9 (12) Spells: 0 memorised, 5 levels left

rFire  . . .     SeeInvis +     a - +0 war axe
rCold  . . .     Gourm    .     b - +0 scale mail
rNeg   . . .     Faith    .     c - +0 shield
rPois  .         Spirit   .     (no helmet)
rElec  .         Reflect  .     (no cloak)
rCorr  .         Harm     .     r - +0 pair of gloves
MR     .....                    m - +0 pair of boots
Stlth  ..........               (no amulet)
                                (no ring)
                                q - ring of see invisible

@: lethally poisoned (0 -> -7)
A: hooves 1, rugged brown scales 1, clever 2, frail 2, powered by death 1,
regeneration 1, shaggy fur 1
a: no special abilities


You were on level 3 of the Dungeon.
You were not hungry.

You visited 1 branch of the dungeon, and saw 4 of its levels.

You collected 257 gold pieces.

Inventory:

Hand Weapons
 a - a +0 war axe (weapon)
 d - a -1 whip
Armour
 b - a +0 scale mail (worn)
 c - a +0 shield (worn)
 m - a +0 pair of boots (worn)
 r - a +0 pair of gloves (worn)
Jewellery
 h - an uncursed ring of fire
 q - a ring of see invisible (left hand)
Wands
 p - a wand of polymorph (7/24)
Scrolls
 e - 5 scrolls of remove curse
 j - 8 scrolls of identify {unknown}
 l - 3 scrolls of amnesia {unknown}
 s - a scroll of teleportation {unknown}
Comestibles
 f - 3 bread rations
 n - 4 fruits
 o - a slice of pizza


   Skills:
 - Level 3.0 Fighting
 + Level 6.0 Axes
 - Level 2.6 Armour
 - Level 2.6 Shields


You had 5 spell levels left.
You didn't know any spells.

Dungeon Overview and Level Annotations

Branches:
Dungeon (4/15)
 Temple: D:4-7

Altars:
Ashenzari
Kikubaaqudgha
Okawaru
Uskayaw

Annotations:
D:3 Edmund; Lizzreth's ghost, amateur DsFi


Innate Abilities, Weirdness & Mutations

You are partially covered in rugged brown scales. (AC +1, +3% HP)
You regenerate a little health from kills.
You have large cloven feet.
Your mind is very acute. (Int +4)
You are very frail. (-20% HP)
Your natural rate of healing is unusually fast.
You are covered in fur. (AC +1)


Message History

You are more poisoned.
Your shield and scale mail prevent you from hitting Edmund.
Edmund is severely wounded.
* * * LOW HITPOINT WARNING * * *
You feel very sick. The gnoll hits you but does no damage.
Edmund hits you but does no damage. You block the gnoll's attack.
You barely miss Edmund.
Edmund is severely wounded.
You hit the bat.
You kill the bat!
* * * LOW HITPOINT WARNING * * *
You feel sick.
The hound stops to sniff the ground.
Edmund hits you but does no damage.
You are more poisoned.
You block the gnoll's attack.
You hit Edmund but do no damage.
Edmund is severely wounded.
You die...

#.####
#..############
#....#
#....))....###.
#.##.#
.....#.######.#.##.
#.##.#
###.#...####.###...
..##.#
..##.......## #...
####.# ###
#....###.###... .#
#.# .#.#.# ##.#....
.# #.#
###.#....####.###.
.# #.#
#@†....#.......###
.# #.#
#@#g#....####..# .#
#.# #g#.# # # #..#
.###.#
#.#####r#.#g#.#
#..# .....#
#..(...h..g...#
...# .#####
..........#####
.##.# .#
.....##.#.# #. #.#
.# .....##.#.# #
#.# .. ........#.#
#.#


You could see Edmund, a hound, 2 gnolls and a rat.

Vanquished Creatures
  Sigmund (D:3)
  A scorpion (D:4)
  Terence (D:3)
  A gnoll (D:3)
  3 adders
  2 worms (D:2)
  3 giant cockroaches
  8 goblins
  9 hobgoblins
  6 jackals (D:2)
  2 quokkas (D:3)
  3 bats (D:3)
  A frilled lizard (D:3)
  5 kobolds
  11 rats
57 creatures vanquished.

Vanquished Creatures (others)
  A human (D:2)
  4 toadstools (D:1)
5 creatures vanquished.

Grand Total: 62 creatures vanquished

Notes
Turn   | Place    | Note
-------+----------+-------------------------------------------
     0 | D:1      | Lizzreth the Demonspawn Fighter began the quest for the Orb.
     0 | D:1      | Reached XP level 1. HP: 18/18 MP: 1/1
    49 | D:1      | Reached skill level 2 in Axes
   185 | D:1      | Gained mutation: You regenerate a little health from kills. [demonic ancestry]
   185 | D:1      | Reached XP level 2. HP: 20/24 MP: 2/2
   823 | D:2      | Reached skill level 3 in Axes
   824 | D:2      | Found a shattered altar of Ashenzari.
   886 | D:2      | Reached XP level 3. HP: 20/29 MP: 3/3
   970 | D:2      | Found an ancient bone altar of Kikubaaqudgha.
   973 | D:2      | Noticed a human
   975 | D:2      | Killed a human
  1815 | D:3      | Reached XP level 4. HP: 29/35 MP: 4/4
  1855 | D:3      | Found a hide-covered altar of Uskayaw.
  1894 | D:3      | Reached skill level 4 in Axes
  2082 | D:3      | Noticed Terence
  2095 | D:3      | Killed Terence
  2214 | D:3      | Noticed Sigmund
  2222 | D:3      | Killed Sigmund
  2222 | D:3      | Reached skill level 5 in Axes
  2222 | D:3      | Reached XP level 5. HP: 12/41 MP: 5/5
  2466 | D:3      | Noticed Lizzreth's ghost (amateur DsFi)
  2467 | D:3      | Gained mutation: You are frail. (-10% HP) [potion of mutation]
  2467 | D:3      | Gained mutation: Your mind is acute. (Int +2) [potion of mutation]
  2516 | D:4      | Gained mutation: You are partially covered in rugged brown scales. (AC +1, +3% HP) [demonic ancestry]
  2516 | D:4      | Reached XP level 6. HP: 25/43 MP: 6/6
  2586 | D:4      | Found an iron altar of Okawaru.
  2624 | D:4      | Reached skill level 6 in Axes
  2882 | D:4      | Noticed Edmund
  2915 | D:3      | Gained mutation: You are very frail. (-20% HP) [potion of mutation]
  2915 | D:3      | Gained mutation: Your natural rate of healing is unusually fast. [potion of mutation]
  2915 | D:3      | Gained mutation: You are weak. (Str -2) [potion of mutation]
  2916 | D:3      | Gained mutation: You are covered in fur. (AC +1) [potion of mutation]
  2916 | D:3      | Gained mutation: Your mind is very acute. (Int +4) [potion of mutation]
  2917 | D:3      | Lost mutation: You are weak. (Str -2) [potion of mutation]
  2917 | D:3      | Gained mutation: You have large cloven feet. [potion of mutation]
  2943 | D:3      | Succumbed to Edmund's poison

Skill      XL: |  1  2  3  4  5  6 |
---------------+-------------------+-----
Axes           | 2 3 5 6 |  6.0
Fighting       | |  3.0
Armour         | |  2.6
Shields        | |  2.6

Action                   |  1- 3 |  4- 6 || total
-------------------------+-------+-------++-------
Melee: War axe           |   118 |   109 ||   227
       Whip              |       |     8 ||     8
  Use: Potion            |       |    10 ||    10
       Scroll            |       |     1 ||     1
  Eat: Chunk             |     3 |     4 ||     7
Armor: Scale mail        |    41 |    89 ||   130
Dodge: Dodged            |    31 |    58 ||    89
Block: Shield            |    48 |    85 ||   133
